 Dungeon Crawl Stone Soup version 0.23-a0-54-gae6112e (webtiles) character file.

212 galech the Covered (level 5, 0/41 HPs)
             Began as a Gnoll Wanderer on Aug 8, 2018.
             Slain by an orc wizard
             ... wielding a +0 dagger
              (4 damage)
             ... on level 4 of the Dungeon.
             The game lasted 00:04:15 (2523 turns).

galech the Covered (Gnoll Wanderer)                 Turns: 2523, Time: 00:04:15

Health: 0/41       AC: 13    Str: 15    XL:     5   Next: 90%
Magic:  7/7        EV: 11    Int: 13    God:
Gold:   167        SH:  0    Dex: 16    Spells: 7/7 levels left

rFire    . . .     SeeInvis .   b - +0 quarterstaff
rCold    + . .     Gourm    .   (shield currently unavailable)
rNeg     . . .     Faith    .   a - +2 scale mail
rPois    .         Spirit   .   j - +2 helmet
rElec    .         Reflect  .   (no cloak)
rCorr    .         Harm     .   (no gloves)
MR       .....                  (no boots)
Stlth    +.........             (no amulet)
HPRegen  0.13/turn              l - ring of protection from cold
MPRegen  0.10/turn              (no ring)

@: no status effects
A: distributed training, fangs 1, strong nose
a: no special abilities


You were on level 4 of the Dungeon.
You were hungry.

You visited 1 branch of the dungeon, and saw 4 of its levels.

You collected 167 gold pieces.

Inventory:

Hand Weapons
 b - a +0 quarterstaff (weapon)
 f - a +2 dagger of speed
Armour
 a - a +2 scale mail (worn)
 j - a +2 helmet (worn)
Jewellery
 l - a ring of protection from cold (left hand)
Scrolls
 c - 2 scrolls of teleportation
 h - 4 scrolls of identify
 k - 2 scrolls of enchant weapon
Potions
 e - a potion of mutation {unknown}
 i - a potion of curing {unknown}
 m - a potion of haste {unknown}
 n - 2 potions of brilliance {unknown}
 o - a potion of magic {unknown}
 q - a potion of heal wounds {unknown}
 s - 2 potions of degeneration {unknown}
Comestibles
 d - 9 rations


   Skills:
 + Level 3.0 Fighting
 + Level 1.6 Short Blades
 + Level 1.6 Long Blades
 + Level 1.6 Axes
 + Level 1.6 Maces & Flails
 + Level 1.6 Polearms
 + Level 4.8 Staves
 + Level 1.6 Slings
 + Level 1.6 Bows
 + Level 3.0 Crossbows
 + Level 3.0 Throwing
 + Level 6.7 Armour
 + Level 3.0 Dodging
 + Level 1.6 Stealth
 + Level 3.0 Shields
 + Level 1.6 Unarmed Combat
 + Level 1.6 Spellcasting
 + Level 1.3 Conjurations
 + Level 1.3 Hexes
 + Level 1.3 Charms
 + Level 1.3 Summonings
 + Level 1.3 Necromancy
 + Level 1.3 Translocations
 + Level 1.3 Transmutations
 + Level 1.3 Fire Magic
 + Level 1.3 Ice Magic
 + Level 1.3 Air Magic
 + Level 1.3 Earth Magic
 + Level 1.3 Poison Magic
 + Level 1.8 Invocations
 + Level 1.6 Evocations


You had 7 spell levels left.
You didn't know any spells.
Your spell library contained the following spells:

 Spells                   Type           Power        Failure   Level  Hunger
 Confuse                  Hex            #.......     83%         3    ####...
 Tukima's Dance           Hex            #.......     83%         3    ####...
 Ensorcelled Hibernation  Hex/Ice        #.....       61%         2    ###....
 Corona                   Hex            #......      45%         1    ##.....
 Dazzling Spray           Conj/Hex       #.....       83%         3    ####...


Dungeon Overview and Level Annotations

Branches:
Dungeon (4/15)
 Temple: D:4-7

Altars:


Innate Abilities, Weirdness & Mutations

Your experience applies equally to all skills.
You have very sharp teeth.
Your uncanny sense of smell can sniff out nearby items.


Message History

The magic dart hits you!
Unknown command.
You closely miss something. Something hits you.
* * * LOW HITPOINT WARNING * * *
Something hits you.
* * * LOW HITPOINT WARNING * * *
The orc wizard closely misses you.
You miss something. Something hits you but does no damage.
The orc wizard hits you but does no damage.
Unknown command.
You closely miss something. Something hits you but does no damage.
The orc wizard hits you but does no damage.
Something hits you but does no damage.
The orc wizard hits you but does no damage.
You miss something. Something hits you but does no damage.
The orc wizard closely misses you. Something hits you but does no damage.
The orc wizard hits you but does no damage.
You hit something but do no damage. Something hits you but does no damage.
The orc wizard barely misses you. Something hits you.
You die...

##....#
##.....# #
##......# # #
##....#..# #
..###
##....##..# #
......
##....###..# ##
......#
##....## ..# #.
.......##....##
####.
......{@o)..##
#..
...######..##
#<. ##.... #..
#.?### ... #.##
#... #.# ##..
### ###


You could see an orc wizard.

Vanquished Creatures
  2 orc priests
  An orc wizard (D:4)
  Robin (D:2)
  2 adders
  An ooze (D:1)
  3 worms
  A leopard gecko (D:1)
  9 orcs
  9 bats
  4 giant cockroaches
  16 goblins
  5 hobgoblins
  2 jackals (D:2)
  2 ball pythons
  7 frilled lizards
  8 kobolds
  7 rats
80 creatures vanquished.

Notes
Turn   | Place    | Note
-------+----------+-------------------------------------------
     0 | D:1      | galech the Gnoll Wanderer began the quest for the Orb.
     0 | D:1      | galech set off with: a +2 scale mail, a +0 quarterstaff, a scroll of teleportation, a ration
     0 | D:1      | Reached XP level 1. HP: 17/17 MP: 1/1
   106 | D:1      | Reached XP level 2. HP: 23/23 MP: 2/2
   578 | D:1      | Reached XP level 3. HP: 27/28 MP: 3/3
  1026 | D:2      | Found a faded altar of an unknown god.
  1100 | D:2      | Reached skill level 1 in Invocations
  1315 | D:2      | Reached skill level 1 in Short Blades
  1315 | D:2      | Reached skill level 1 in Long Blades
  1315 | D:2      | Reached skill level 1 in Axes
  1315 | D:2      | Reached skill level 1 in Maces & Flails
  1315 | D:2      | Reached skill level 1 in Polearms
  1315 | D:2      | Reached skill level 1 in Slings
  1315 | D:2      | Reached skill level 1 in Bows
  1315 | D:2      | Reached skill level 1 in Stealth
  1315 | D:2      | Reached skill level 1 in Unarmed Combat
  1315 | D:2      | Reached skill level 1 in Spellcasting
  1315 | D:2      | Reached skill level 1 in Evocations
  1319 | D:2      | Reached XP level 4. HP: 34/34 MP: 5/5
  1361 | D:2      | Noticed Robin
  1383 | D:2      | Killed Robin
  1764 | D:3      | Reached skill level 1 in Conjurations
  1764 | D:3      | Reached skill level 1 in Hexes
  1764 | D:3      | Reached skill level 1 in Charms
  1764 | D:3      | Reached skill level 1 in Summonings
  1764 | D:3      | Reached skill level 1 in Necromancy
  1764 | D:3      | Reached skill level 1 in Translocations
  1764 | D:3      | Reached skill level 1 in Transmutations
  1764 | D:3      | Reached skill level 1 in Fire Magic
  1764 | D:3      | Reached skill level 1 in Ice Magic
  1764 | D:3      | Reached skill level 1 in Air Magic
  1764 | D:3      | Reached skill level 1 in Earth Magic
  1764 | D:3      | Reached skill level 1 in Poison Magic
  1963 | D:3      | Reached XP level 5. HP: 22/40 MP: 5/7
  2523 | D:4      | Slain by an orc wizard

Vault maps used:
D:1:      lightli_arrival_statue_moat
D:2:      chequers_ecumenical_altar_simple, first_ration, uniq_robin
D:4:      goddamned_bats

Skill      XL: |  1  2  3  4  5 |
---------------+----------------+-----
Invocations    | 1 |  1.8
Short Blades   | 1 |  1.6
Long Blades    | 1 |  1.6
Axes           | 1 |  1.6
Maces & Flails | 1 |  1.6
Polearms       | 1 |  1.6
Slings         | 1 |  1.6
Bows           | 1 |  1.6
Stealth        | 1 |  1.6
Unarmed Combat | 1 |  1.6
Spellcasting   | 1 |  1.6
Evocations     | 1 |  1.6
Conjurations   | 1 |  1.3
Hexes          | 1 |  1.3
Charms         | 1 |  1.3
Summonings     | 1 |  1.3
Necromancy     | 1 |  1.3
Translocations | 1 |  1.3
Transmutations | 1 |  1.3
Fire Magic     | 1 |  1.3
Ice Magic      | 1 |  1.3
Air Magic      | 1 |  1.3
Earth Magic    | 1 |  1.3
Poison Magic   | 1 |  1.3
Fighting       | 3 |  3.0
Crossbows      | 3 |  3.0
Throwing       | 3 |  3.0
Dodging        | 3 |  3.0
Shields        | 3 |  3.0
Staves         | |  4.8
Armour         | |  6.7

Action                   |  1- 3 |  4- 6 || total
-------------------------+-------+-------++-------
Melee: Quarterstaff      |   125 |   150 ||   275
       Bite              |     6 |    11 ||    17
       Dagger            |     1 |       ||     1
  Use: Scroll            |     1 |     2 ||     3
  Eat: Chunk             |     1 |     4 ||     5
Armor: Scale mail        |    70 |    94 ||   164
Dodge: Dodged            |    85 |    94 ||   179

Table legend:
 A = Spawn XP
 B = Non-spawn XP
 C = Spawn XP percentage of total XP
 D = Spawn monster count
 E = Non-spawn monster count
 F = Spawn count percentage of total count
 G = Total turns spent on level
                    A         B        C        D         E        F      G
               +---------+---------+-------+---------+---------+-------+---------
         Total |       0 |     304 |   0.0 |       0 |      80 |   0.0 |  2523
               +---------+---------+-------+---------+---------+-------+---------
           D:1 |       0 |      43 |   0.0 |       0 |      24 |   0.0 |   958
           D:2 |       0 |      69 |   0.0 |       0 |      25 |   0.0 |   636
           D:3 |       0 |      96 |   0.0 |       0 |      27 |   0.0 |   858
           D:4 |       0 |      96 |   0.0 |       0 |       4 |   0.0 |    71
               +---------+---------+-------+---------+---------+-------+---------
